 Dungeon Crawl Stone Soup version 0.27-a0-1060-gcb85b5eba1 (webtiles) character file.

Game seed: 8007783870013805292

284 tardwrangler69 the Digger (level 6, -3/36 HPs)
             Began as an Octopode Earth Elementalist on Apr 21, 2021.
             Slain by a wyvern (16 damage)
             ... on level 5 of the Dungeon.
             The game lasted 00:04:25 (5333 turns).

tardwrangler69 the Digger (OpEE)                    Turns: 5333, Time: 00:04:25

Health: -3/36      AC:  1    Str:  7    XL:     6   Next: 29%
Magic:  9/11       EV: 13    Int: 20    God:
Gold:   160        SH:  0    Dex: 12    Spells: 3/12 levels left

rFire    . . .     SeeInvis +   d - +4 long sword "Oshraolaph" {holy, rElec rC+ rN+}
rCold    + . .     Faith    .   (no shield)
rNeg     + . .     Spirit   .   (helmet restricted)
rPois    .         Reflect  .   (no amulet)
rElec    +         Harm     .   k - ring of see invisible
rCorr    .         Rampage  .   (no ring)
Will     .....                  (no ring)
Stlth    +++.......             (no ring)
HPRegen  0.12/turn              (no ring)
MPRegen  0.12/turn              (no ring)
                                (no ring)
                                (no ring)

@: brilliant
A: almost no armour, amphibious, 8 rings, camouflage 1, gelatinous body 1,
(nimble swimmer 1), tentacles
a: no special abilities


You were on level 5 of the Dungeon.
You visited 1 branch of the dungeon, and saw 5 of its levels.

You collected 160 gold pieces.

Inventory:

Hand Weapons
 d - the +4 long sword "Oshraolaph" (weapon) {holy, rElec rC+ rN+}
   (You found it on level 4 of the Dungeon)

   It has been blessed by the Shining One to cause great damage to the undead
   and demons.
   It protects you from cold.
   It insulates you from electricity.
   It protects you from negative energy.
Missiles
 b - 84 stones
 l - 4 boomerangs of dispersal
 n - a throwing net
Jewellery
 k - a ring of see invisible (left tentacle)
Wands
 i - a wand of flame (23)
Scrolls
 a - a scroll of fear {unknown}
 c - a scroll of fog {unknown}
 f - a scroll of acquirement {unknown}
 h - 3 scrolls of identify {unknown}
 m - 3 scrolls of teleportation {unknown}
 p - 3 scrolls of magic mapping {unknown}
 q - a scroll of blinking {unknown}
Potions
 e - a potion of ambrosia {unknown}
 g - a potion of brilliance
 j - 2 potions of haste {unknown}
 o - a potion of invisibility {unknown}
 r - a potion of heal wounds {unknown}
 s - a potion of curing {unknown}
 t - a potion of cancellation {unknown}


   Skills:
 - Level 2.0 Dodging
 - Level 2.6 Stealth
 + Level 3.6 Spellcasting
 - Level 1.0 Transmutations
 * Level 5.9 Earth Magic


You had 3 spell levels left.
You knew the following spells:

 Your Spells              Type           Power      Damage    Failure   Level
a - Sandblast             Erth           82%        2d17      1%          1
b - Stone Arrow           Conj/Erth      46%        3d9       12%         3
c - Lee's Rapid Deconstr  Erth           20%        3d13*     32%         5

Your spell library contained the following spells:

 Spells                   Type           Power      Damage    Failure   Level
 Passwall                 Tmut/Erth      21%        N/A       4%          2
 Petrify                  Tmut/Erth      26%        N/A       32%         4


Dungeon Overview and Level Annotations

Branches:
Dungeon (5/15)
 Temple: D:4-7

Altars:
Qazlal
Sif Muna
Yredelemnul

Shops:
D:3 :


Innate Abilities, Weirdness & Mutations

You cannot wear most types of armour.
You are amphibious.
You can wear up to eight rings at the same time.
Your skin changes colour to match your surroundings (Stealth+).
Your rubbery body absorbs attacks. (AC +1, EV +1)
((You are camouflaged near water. (Stealth+)))
You have tentacles for arms and can constrict up to eight enemies at once.


Message History

Press: ? - help, Shift-Dir - straight line, f/p - wyvern
Aim: a wyvern (81% to hit)
The blast of sand hits the wyvern.
The wyvern is lightly wounded.
The wyvern misses you.
Casting: Sandblast (safe; 1% risk of failure)
Confirm with . or Enter, or press ? or * to list all spells.
Aiming: Sandblast (safe; 1% risk of failure)
Press: ? - help, Shift-Dir - straight line, f/p - wyvern
Aim: a wyvern (81% to hit)
The blast of sand hits the wyvern.
The wyvern is lightly wounded.
The wyvern bites you! The wyvern bites you.
Casting: Sandblast (safe; 1% risk of failure)
Confirm with . or Enter, or press ? or * to list all spells.
Aiming: Sandblast (safe; 1% risk of failure)
Press: ? - help, Shift-Dir - straight line, f/p - wyvern
Aim: a wyvern (lightly wounded, 81% to hit)
You miscast Sandblast.
You are very lightly contaminated with residual magic.
Nothing appears to happen.
The wyvern barely misses you. The wyvern barely misses you.
The wyvern misses you. The wyvern closely misses you.
You riposte.
You barely miss the wyvern.
The wyvern is lightly wounded.
The wyvern barely misses you.
Your magical contamination has completely faded away.
The wyvern misses you. The wyvern bites you. The wyvern closely misses you.
You riposte.
You slash the wyvern!
The wyvern is moderately wounded.
The jackal misses you.
You riposte.
You closely miss the jackal. You grab the jackal. You squeeze the jackal.
You kill the jackal!
The wyvern barely misses you.
You riposte.
You barely miss the wyvern.
The wyvern is moderately wounded.
There is a stone staircase leading up here.
It was a potion of brilliance.
You feel clever all of a sudden. The wyvern bites you!
You die...

#.......#
#.#####.###
#.# ......
#.###.#.....
#.#......###..
#.#.# .... .
#.#.# #.###
#l#.###.#
#@†.....#
#####.##### #+
#........# ...
#........#
....
#......#.#
.....
#........#
.....
#.......[..
.....
#...#....##
.....
#........#
.....


You could see a wyvern.

Vanquished Creatures
  A hound (D:5)
  7 gnolls (D:3)
  A howler monkey skeleton (D:5)
  6 adders
  3 worms (D:2)
  2 dart slugs
  7 orcs
  10 bats
  11 endoplasms
  3 giant cockroaches
  11 goblins
  6 hobgoblins
  8 jackals
  A quokka (D:2)
  5 ball pythons
  3 frilled lizards
  9 kobolds
  5 rats
99 creatures vanquished.

Notes
Turn   | Place    | Note
-------+----------+-------------------------------------------
     0 | D:1      | tardwrangler69 the Octopode Earth Elementalist began the
                  | quest for the Orb.
     0 | D:1      | Reached XP level 1. HP: 11/11 MP: 3/3
   485 | D:1      | Reached XP level 2. HP: 17/17 MP: 5/5
   981 | D:1      | Reached XP level 3. HP: 19/21 MP: 6/6
  1455 | D:2      | Reached skill level 4 in Earth Magic
  1624 | D:2      | Reached XP level 4. HP: 21/27 MP: 5/8
  2855 | D:3      | Found Dynkesk's Book Emporium.
  3035 | D:3      | Reached XP level 5. HP: 31/31 MP: 5/9
  3090 | D:3      | Reached skill level 5 in Earth Magic
  3948 | D:3      | Found a shimmering blue altar of Sif Muna.
  3951 | D:3      | Found a basalt altar of Yredelemnul.
  3952 | D:3      | Found a stormy altar of Qazlal.
  4309 | D:4      | Identified the +4 long sword "Oshraolaph" {holy, rElec rC+
                  | rN+}
  4362 | D:4      | Reached XP level 6. HP: 12/36 MP: 6/11
  5103 | D:5      | Entered Level 5 of the Dungeon
  5131 | D:5      | Noticed an ice beast
  5281 | D:5      | Learned a level 3 spell: Stone Arrow
  5287 | D:5      | Learned a level 5 spell: Lee's Rapid Deconstruction
  5297 | D:5      | Noticed a wyvern
  5333 | D:5      | Slain by a wyvern

Illustrated notes

Levels and vault maps discovered:
D:1:      nagdon_arrival_zigzag_paths, layout_basic, corexii_leaking_fountain,
          minmay_hexomino_p4
D:2:      layout_loops_cross
D:3:      layout_basic, minitemple, serial_shops, shop,
          minmay_misc_feat_diagonals
D:4:      minmay_skewed_foursquare, layout_cave_pools, minmay_misc_feat_tower
D:5:      layout_loops_corners

Skill      XL: |  1  2  3  4  5 |
---------------+----------------+-----
Earth Magic    | 4 5 |  5.9
Spellcasting   | 3 |  3.6
Dodging        | |  2.0
Stealth        | |  2.6
Transmutations | |  1.0

Action                   |  1- 3 |  4- 6 || total
-------------------------+-------+-------++-------
Melee: Unarmed           |     6 |       ||     6
       Constrict         |    14 |    27 ||    41
       Tentacles         |    10 |    21 ||    31
       Short sword       |    58 |    60 ||   118
       Long sword        |       |    25 ||    25
       Whip              |       |     2 ||     2
 Cast: Sandblast         |    21 |    31 ||    52
  Use: Potion            |       |     1 ||     1
 Stab: Sleeping          |     4 |     8 ||    12
Armor: Skin              |    16 |    12 ||    28
Dodge: Dodged            |    70 |    82 ||   152
       Rpst.: Long sword |       |    17 ||    17

Table legend: (Time is in decaauts)
 A = Elapsed time spent in this place.
 B = Non-inter-level travel time spent in this place.
 C = Inter-level travel time spent in this place.
 D = Time resting spent in this place.
 E = Time spent auto-exploring this place.
 F = Levels seen in this place.
 G = Mean time per level.
                   A        B        C        D        E       F      G
               +--------+--------+--------+--------+--------+-----+--------+
         Total |   5353 |   5202 |    151 |    102 |   4461 |   5 | 1070.6 |
       Dungeon |   5353 |   5202 |    151 |    102 |   4461 |   5 | 1070.6 |
               +--------+--------+--------+--------+--------+-----+--------+

Top non-repeatable levels by time:
     D:3: 1476 daAuts
     D:1: 1442 daAuts
     D:2: 1230 daAuts
     D:4: 1102 daAuts
     D:5: 101 daAuts
